 Dungeon Crawl Stone Soup version 0.19.0-2-gae57169 (webtiles) character file.

27 lorenzova the Sneak (level 2, -2/13 HPs)
             Began as a Spriggan Enchanter on Nov 4, 2016.
             Slain by an adder (3 damage)
             ... on level 2 of the Dungeon.
             The game lasted 00:02:50 (1254 turns).

lorenzova the Sneak (Spriggan Enchanter)            Turns: 1254, Time: 00:02:51

Health: -2/13      AC:  3    Str:  4    XL:     2   Next: 93%
Magic:  1/7        EV: 18    Int: 16    God:
Gold:   100        SH:  0    Dex: 16    Spells: 2 memorised, 4 levels left

rFire  . . .     SeeInvis +     a - +1 dagger
rCold  . . .     Gourm    .     b - +1 robe
rNeg   . . .     Faith    .     (shield restricted)
rPois  .         Spirit   .     (helmet restricted)
rElec  .         Reflect  .     (no cloak)
rCorr  .         Harm     .     (gloves unavailable)
MR     .....                    (boots unavailable)
Stlth  +++.......               (no amulet)
                                (no ring)
                                (no ring)

@: lethally poisoned (-2 -> -11), very quick
A: unfitting armour, see invisible, herbivore 3, speed 3, slow metabolism 2
a: no special abilities


You were on level 2 of the Dungeon.
You were not hungry.

You visited 1 branch of the dungeon, and saw 2 of its levels.

You collected 100 gold pieces.

Inventory:

Hand Weapons
 a - a +1 dagger (weapon)
Armour
 b - a +1 robe (worn)
Scrolls
 e - 2 scrolls of identify {unknown}
 h - a scroll of remove curse {unknown}
 k - a scroll of amnesia {unknown}
Potions
 f - a potion of brilliance {unknown}
 g - a potion of agility {unknown}
 i - a potion of curing {unknown}
 j - a potion of flight {unknown}
Books
 c - a book of Maledictions

   Spells                             Type                      Level
   a - Corona                         Hexes                        1
   b - Ensorcelled Hibernation        Hexes/Ice                    2
   c - Confuse                        Hexes                        3
   d - Tukima's Dance                 Hexes                        3
   e - Dazzling Spray                 Conjuration/Hexes            3
Comestibles
 d - 3 bread rations


   Skills:
 - Level 1.1 Short Blades
 - Level 3.0 Dodging
 + Level 4.6 Stealth
 * Level 3.4 Spellcasting
 * Level 4.3 Hexes


You had 4 spell levels left.
You knew the following spells:

 Your Spells              Type           Power        Failure   Level  Hunger
a - Corona                Hex            ###....      3%          1    None
b - Ensorcelled Hibernat  Hex/Ice        #.....       12%         2    ##.....


Dungeon Overview and Level Annotations

Branches:
Dungeon (2/15)

Altars:


Innate Abilities, Weirdness & Mutations

You are very small and have problems with some larger weapons.
You are too small for most types of armour.
You have supernaturally acute eyesight. (SInv)
You are a herbivore.
You cover ground extremely quickly.
You need consume almost no food.


Message History

You feel sick. The hobgoblin misses you. The adder misses you.
You hit the adder but do no damage. The hobgoblin barely misses you.
The adder misses you.
You miss the adder.
* * * LOW HITPOINT WARNING * * *
You feel sick. The hobgoblin misses you. The adder closely misses you.
You hit the adder.
The adder is lightly wounded.
The adder bites you.
* * * LOW HITPOINT WARNING * * *
You are more poisoned.
The adder poisons you! The hobgoblin barely misses you.
The adder completely misses you.
There is a lethal amount of poison in your body!
There is a lethal amount of poison in your body!
You hit the adder.
The adder is heavily wounded.
* * * LOW HITPOINT WARNING * * *
You feel sick. The hobgoblin closely misses you. The adder bites you.
You die...

#...#
#.#...........
###.# #
###.......##
#.# ###...####
###.# #...#
#####...#
##.##
.......S# #.#
#####...# #
#..
##..###.#####
#>
#..S@gb.....
#.####.#####
#. .. ## ...
###


You could see an adder, a hobgoblin and a bat.

Vanquished Creatures
  A worm (D:1)
  A leopard gecko (D:1)
  3 giant cockroaches (D:1)
  2 goblins
  3 hobgoblins
  2 jackals (D:1)
  A quokka (D:2)
  3 bats
  A frilled lizard (D:1)
  A kobold (D:1)
  3 rats
21 creatures vanquished.

Notes
Turn   | Place    | Note
-------+----------+-------------------------------------------
     0 | D:1      | lorenzova the Spriggan Enchanter began the quest for the Orb.
     0 | D:1      | Reached XP level 1. HP: 9/9 MP: 5/5
   378 | D:1      | Reached XP level 2. HP: 13/13 MP: 7/7
   382 | D:1      | Learned a level 2 spell: Ensorcelled Hibernation
  1254 | D:2      | Slain by an adder

Skill      XL: |  1 |
---------------+----+-----
Spellcasting   | 3 |  3.4
Hexes          | 4 |  4.3
Short Blades   | |  1.1
Dodging        | |  3.0
Stealth        | |  4.6

Action                   || total
-------------------------++-------
Melee: Dagger            ||    86
 Cast: Ensorcelled Hiber ||    13
 Stab: Sleeping          ||    11
Armor: Robe              ||    17
Dodge: Dodged            ||    99
